 Dungeon Crawl Stone Soup version 0.18-a0-1353-gf2a912f (webtiles) character file.

42 KaeM the Digger (level 3, -5/19 HPs)
             Began as a Gargoyle Earth Elementalist on Feb 19, 2016.
             Slain by Sigmund
             ... wielding a +3 scythe
              (6 damage)
             ... on level 2 of the Dungeon.
             The game lasted 00:04:15 (1442 turns).

KaeM the Digger (Gargoyle Earth Elementalist)       Turns: 1442, Time: 00:04:15

Health: -5/19      AC:  5    Str: 16    XL:     3   Next: 56%
Magic:  2/7        EV: 12    Int: 16    God:
Gold:   5          SH:  3    Dex: 10    Spells: 2 memorised, 4 levels left

rFire  . . .     SeeInvis .     i - +3 hand axe
rCold  . . .     Gourm    .     a - +0 robe
rNeg   + . .     Faith    .     (no shield)
rPois  ∞         Spirit   .     (no helmet)
rElec  +         Dismiss  .     (no cloak)
rCorr  .         Reflect  +     (no gloves)
SustAt .         Harm     .     (no boots)
MR     .....                    l - +3 amulet of reflection
Stlth  ++........               (no ring)
                                (no ring)

@: mighty, very slightly contaminated, not resistant to hostile enchantments,
unstealthy
A: negative energy resistance 1, electricity resistance, unbreathing,
petrification resistance, rot immunity, AC +3
a: no special abilities


You were on level 2 of the Dungeon.
You were not hungry.

You visited 1 branch of the dungeon, and saw 2 of its levels.

You collected 5 gold pieces.

Inventory:

Hand Weapons
 e - a +0 club
 h - a +0 spear
 i - a +3 hand axe (weapon)
Missiles
 b - 37 stones (quivered)
Armour
 a - a +0 robe (worn)
Jewellery
 l - a +3 amulet of reflection (around neck)
Books
 c - a book of Geomancy

   Spells                             Type                      Level
   a - Sandblast                      Earth                        1
   b - Passwall                       Transmutation/Earth          2
   c - Stone Arrow                    Conjuration/Earth            3
   d - Petrify                        Transmutation/Earth          4
   e - Lee's Rapid Deconstruction     Earth                        5
Comestibles
 d - 2 bread rations
 f - a chunk of flesh
 k - 2 fruits


   Skills:
 - Level 1.5 Dodging
 - Level 2.1 Stealth
 * Level 3.0 Spellcasting
 + Level 1.0 Conjurations
   Level 0.7 Transmutations
 + Level 4.1 Earth Magic


You had 4 spell levels left.
You knew the following spells:

 Your Spells              Type           Power        Failure   Level  Hunger
a - Sandblast             Erth           ###...       4%          1    #......
b - Stone Arrow           Conj/Erth      ##....       21%         3    ###....


Dungeon Overview and Level Annotations

Branches:
Dungeon (2/15)

Altars:

Annotations:
D:2 Sigmund


Innate Abilities, Weirdness & Mutations

You are resistant to torment.
Your stone body is resilient (AC +3).
You are immune to poison.
You resist negative energy.
You are resistant to electric shocks.
You can survive without breathing.
You are immune to petrification.
You are immune to rotting.


Message History

You can't see any susceptible monsters within range! (Use Z to cast anyway.) Unknown command.
Drink which item? (? for menu, Esc to quit)
You can't drink that!
Wield which item (- for none, * to show all)? (? for menu, Esc to quit)
i - a +3 hand axe (weapon)
Drink which item? (? for menu, Esc to quit)
It was a potion of might.
You feel very mighty all of a sudden. Something hits you!
Something hits you but does no damage.
You slash something! Something hits you.
* * * LOW HITPOINT WARNING * * *
You closely miss something. You miss something. Something hits you.
* * * LOW HITPOINT WARNING * * *
You miss something. Something hits you.
* * * LOW HITPOINT WARNING * * *
You slash something! Something hits you.
You die...

#### ############## ....)
#.............
..[...######.############
.....†.{@.........§§#
####..####...######§# #.
#...# #§# # #.).# #§#
#...# #§##### #...#
#...... #...# #######
#...# #...#


There were no monsters in sight!

Vanquished Creatures
  A worm (D:2)
  4 giant geckos
  2 ball pythons (D:2)
  3 bats (D:1)
  2 giant cockroaches
  3 goblins
  5 hobgoblins
  4 jackals (D:1)
  3 kobolds (D:1)
  3 rats (D:1)
30 creatures vanquished.

Notes
Turn   | Place    | Note
--------------------------------------------------------------
     0 | D:1      | KaeM the Gargoyle Earth Elementalist began the quest for the Orb.
     0 | D:1      | Reached XP level 1. HP: 10/10 MP: 3/3
     6 | D:1      | Noticed a worker ant
     6 | D:1      | Noticed a giant leech
     6 | D:1      | Noticed an iguana
     7 | D:1      | Noticed a yaktaur
   276 | D:1      | Reached XP level 2. HP: 6/15 MP: 3/5
   704 | D:1      | Reached skill level 4 in Earth Magic
   704 | D:1      | Reached XP level 3. HP: 19/19 MP: 7/7
   709 | D:1      | Learned a level 3 spell: Stone Arrow
  1430 | D:2      | Noticed Sigmund
  1430 | D:2      | Reached skill level 1 in Conjurations
  1442 | D:2      | Slain by Sigmund

Vault maps used:
D:1:      onia_arrival_zoo_common, corexii_item_surrounded_by_moat,
          dk_noncrumbling_3, kennysheep_flooded_box
D:2:      serial_bayou_ford_a, amethyst_killhole, uniq_sigmund, uniq_jessica,
          uniq_natasha

Action                   || total
-------------------------++-------
Melee: Club              ||    12
       Hand axe          ||    56
 Cast: Sandblast         ||    12
  Use: Scroll            ||     2
       Potion            ||     1
 Stab: Sleeping          ||     1
  Eat: Chunk             ||     2
